 Dungeon Crawl Stone Soup version 0.28.0-43-g3370ac3207 (webtiles) character file.

Game seed: 7024212036327206697

101 GreyFruit the Conjurer (level 4, 0/49 HPs)
             Began as a Draconian Conjurer on Mar 15, 2022.
             Slain by an orc
             ... wielding a +0 flail
              (3 damage)
             ... on level 3 of the Dungeon.
             The game lasted 00:03:42 (2522 turns).

GreyFruit the Conjurer (Draconian Conjurer)         Turns: 2522, Time: 00:03:44

Health: 0/49       AC: 22    Str:  9    XL:     4   Next: 48%
Magic:  5/8        EV:  2    Int: 21    God:
Gold:   54         SH:  0    Dex:  9    Spells: 8/9 levels left

rFire   . . .      SeeInvis .   l - +0 hand axe (vorpal)
rCold   . . .      Faith    .   (no shield)
rNeg    . . .      Spirit   .   (armour unavailable)
rPois   +          Reflect  .   (helmet currently unavailable)
rElec   .          Harm     .   (cloak currently unavailable)
rCorr   .          Rampage  .   (gloves currently unavailable)
Will    .....      NoTele   +   (boots currently unavailable)
Stlth   ++........              (no amulet)
HPRegen 0.16/turn               (no ring)
MPRegen 0.11/turn               (no ring)

@: tree-form
A: stationary, stasis, torment immunity, boosted hp, AC +5, unfitting armour,
(cold-blooded), (stinger 1), MP-powered wands
a: no special abilities


You were on level 3 of the Dungeon.
You were a tree.
You visited 1 branch of the dungeon, and saw 3 of its levels.

You collected 54 gold pieces.

Inventory:

Hand Weapons
 l - a +0 vorpal hand axe (weapon)
Missiles
 e - 5 curare-tipped darts
 h - 3 poisoned darts
Armour
 b - a +0 pair of gloves (melded)
Jewellery
 g - an amulet of reflection
 k - the ring "Honoedgh" {rPois Str-4 Slay+4 SInv Stlth+}
   (You found it on level 2 of the Dungeon)

   [ring of slaying]

   Str:       It affects your strength (-4).
   Slay:      It affects your accuracy & damage with ranged weapons and melee
   (+4).
   rPois:     It protects you from poison.
   SInv:      It lets you see invisible.
   Stlth:     It makes you more stealthy.
Scrolls
 d - 4 scrolls of identify
 j - a scroll of immolation


   Skills:
 + Level 2.8 Dodging
 - Level 2.0 Stealth
 + Level 3.0 Spellcasting
 + Level 4.7 Conjurations


You had 8 spell levels left.
You knew the following spells:

 Your Spells              Type           Power      Damage    Failure   Level
a - Magic Dart            Conj           88%        1d7       1%          1

Your spell library contained the following spells:

 Spells                   Type           Power      Damage    Failure   Level
 Searing Ray              Conj           44%        2d6       3%          2
 Sandblast                Erth           6%         2d5       13%         1
 Dazzling Flash           Conj/Hex       26%        N/A       16%         3
 Stone Arrow              Conj/Erth      26%        3d8       16%         3
 Passwall                 Tmut/Erth      2%         N/A       21%         2
 Fulminant Prism          Conj/Hex       6%         3d7       45%         4
 Iskenderun's Mystic Bla  Conj/Tloc      13%        2d5       45%         4


Dungeon Overview and Level Annotations

Branches:
Dungeon (3/15)

Altars:

Shops:
D:2 (?:


Innate Abilities, Weirdness & Mutations

You are a tree.
Your roots penetrate the ground, keeping you stationary.
You cannot be teleported.
You are immune to unholy pain and torment.
Your maximum health is greatly increased.
Your equipment is partially melded.
((Your plain brown scales are hard. (AC +5)))
You cannot fit into any form of body armour.
((You are cold-blooded and may be slowed by cold attacks.))
((Your tail ends in a venomous barb.))
You expend magic power (3 MP) to strengthen your wands.


Message History

Aim: an orc priest, wielding a +0 dagger (almost dead, 100% to hit)
The magic dart hits the orc priest.
You kill the orc priest!
Your Spellcasting skill increases to level 3!
Okay, then.
As you read the scroll labelled CEOGRI WU TOI, it crumbles to dust.
You speak a Word of immense power!
It was a scroll of holy word.
As you read the scroll labelled YZEWEXZ PYEMP, it crumbles to dust.
The creatures around you are filled with an inner flame!
It was a scroll of immolation.
As you read the scroll labelled WECKEPP HIEDU, it crumbles to dust.
It is a scroll of identify.
a - a potion of lignification The orc closely misses you.
Really quaff the potion of lignification?
Okay, then.
Really quaff the potion of lignification?
You turn into a tree.
Your +0 pair of gloves melds into your body.
Your roots penetrate the ground.
The orc hits you but does no damage.
It was a potion of mutation.
You feel extremely strange.
You feel your magical essence link to the dungeon's wands.
A venomous barb forms on the end of your tail.
The orc priest mumbles some strange prayers to Beogh against you.
Beogh smites you!
* * * LOW HITPOINT WARNING * * *
The orc hits you but does no damage.
You start putting on your amulet.
You continue putting on your amulet of reflection.
The orc hits you but does no damage.
Keep equipping yourself? [Y]es or [N]o only, please.
Keep equipping yourself?
You continue putting on your amulet of reflection.
The orc hits you but does no damage.
You continue putting on your amulet of reflection.
The orc hits you but does no damage.
You continue putting on your amulet of reflection.
The orc hits you with a +0 flail.
You die...

.##........ ........... ...
....####..# #.# ##### .#
#.# # # #.# # ##.## .#
######## ... o. ........
#.# o# ######## #♣# .# #
#o# o# # #o# .#
################o###.##.###
..(................o.......
###########################


You could see an orc priest, an orc wizard and an orc (inner flame).

Vanquished Creatures
  An orc priest (D:3)
  An adder (D:3)
  2 worms (D:2)
  2 dart slugs (D:1)
  4 orcs
  5 endoplasms
  3 giant cockroaches
  5 quokkas (D:1)
  7 ball pythons
  7 bats
  4 frilled lizards
  4 goblins (D:2)
  2 kobolds (D:1)
  4 rats (D:1)
51 creatures vanquished.

Notes
Turn   | Place    | Note
-------+----------+-------------------------------------------
     0 | D:1      | GreyFruit the Draconian Conjurer began the quest for the
                  | Orb.
     0 | D:1      | Reached XP level 1. HP: 14/14 MP: 3/3
   562 | D:1      | Reached XP level 2. HP: 7/20 MP: 0/5
  1414 | D:1      | Reached XP level 3. HP: 26/26 MP: 3/6
  1821 | D:2      | Found Vaytuc's Antique Weapon Boutique.
  1826 | D:2      | Found Ribounk's Magic Scroll Emporium.
  1929 | D:2      | Identified the ring "Honoedgh" {rPois Str-4 Slay+4 SInv
                  | Stlth+}
  2074 | D:2      | Found Seostoq's Book Boutique.
  2281 | D:3      | Reached XP level 4. HP: 33/33 MP: 5/8
  2518 | D:3      | Gained mutation: You expend magic power (3 MP) to
                  | strengthen your wands. [potion of mutation]
  2518 | D:3      | Gained mutation: Your tail ends in a venomous barb. [potion
                  | of mutation]
  2518 | D:3      | HP: 2/49 [orc priest/divine providence (11)]
  2522 | D:3      | Slain by an orc

Illustrated notes

Levels and vault maps discovered:
D:1:      scummos_arrival_hexagon, layout_rooms, minmay_close_crescents
D:2:      layout_basic, serial_shops, nicolae_shop_trees,
          nicolae_lakefront_shop, nicolae_shop_behind_doors
D:3:      layout_basic, grunt_temple_overflow_lords_of_destruction,
          shapermc_ecumenical_altar_mp_vishouse, serial_shops,
          nicolae_shop_hallway_stairs, kennysheep_generic_room_14

Skill      XL: |  1  2  3  4 |
---------------+-------------+-----
Stealth        | 2 |  2.0
Dodging        | 2 |  2.8
Spellcasting   | 3 |  3.0
Conjurations   | |  4.7

Action                   |  1- 3 |  4- 6 || total
-------------------------+-------+-------++-------
Melee: Short sword       |    45 |       ||    45
       Tailslap          |     5 |       ||     5
       Unarmed           |     1 |       ||     1
 Cast: Magic Dart        |    91 |    13 ||   104
  Use: Scroll            |       |     3 ||     3
       Potion            |       |     2 ||     2
 Stab: Sleeping          |     1 |       ||     1
Armor: Skin              |    19 |     7 ||    26
Dodge: Dodged            |    35 |     4 ||    39
